AoeStats
← Ennzo

African Clearing

505622276Analyzed
4v4 RM · 21d ago on Sep 10, 2026· 23m 46s· 8 players
Game mode
Random Map
Map size
Large (8 player)
Population
200
Speed
Normal
Resources
Standard
Victory
Conquest
Starting age
Dark Age
Ending age
Imperial Age
RankedLock teamsTeams togetherTeam positionsShared explorationLock speedFull tech treeHidden civsTurbo modeCheats
Victory
Defeat
🇬🇧 Bengalis · United Kingdom
1176
+11
🇪🇸 Chinese · Spain
1175
+12
🇨🇳 Gurjaras · China
1127
+13
🇪🇸 Huns · Spain
1117
+14
🇧🇩 Mongols · Bangladesh
1105
-14
🇨🇳 Franks · China
1082
-13
🇲🇾 Vikings · Malaysia
1069
-12
🇵🇱 Turks · Poland
1033
-11
Slingmachine
4:05 Loom
13:28 Feudal Age
18:51 Fletching
ChiMi..ChiMi
10:09 Loom
12:09 Feudal Age
16:57 Castle Age
16:12 Double-Bit Axe
16:21 Gold Mining
17:08 Town Watch
rubungus
7:52 Loom
22:40 Feudal Age
ChungCH1010
13:45 Feudal Age
14:44 Double-Bit Axe
17:43 Forging
17:58 Bloodlines
18:04 Scale Barding Armor
22:15 Horse Collar
25:48 Castle Age
XA
9:35 Loom
Gunslinger
8:42 Loom
12:47 Feudal Age
13:31 Double-Bit Axe
13:30 Horse Collar
17:45 Scale Barding Armor
17:51 Forging
23:58 Castle Age
雨落
8:07 Loom
14:05 Feudal Age
15:34 Double-Bit Axe
Ennzo
14:33 Feudal Age
15:44 Horse Collar
21:15 Bloodlines
Connection lost

Rejoining the realm…

Still unreachable

The connection could not be restored.

Session expired

The server has moved on; the page needs a fresh start.